cohdb
Replays
Latest Replays
All Replays
Popular Replays
Top Player Replays
Match Explorer
How It Works
Community
CoH3 Stats
Reddit
Sign in to upload your games and track your stats! →
Sign in with Steam
Match 44532418
Unlisted
Match 44532418
Overview
Messages
Build Orders
End
Kradschützen Motorcycle Team
Panzerpioneer Squad
Selects Armored Support Battlegroup
Panzerpioneer Squad
Construct Light Support Kompanie
Assault Grenadier Squad
Assault Grenadier Squad
Fire Support Elements
Flakvierling Half-track
Selects Superior Fire Drills
Panzerjäger Mechanized Group
Vehicle Survival Package
Panzerjäger Squad
Construct Panzerarmee Kommand
Panzer III L Medium Tank
Number 60
Shinshigumi
0
0
Comments
sign in to comment!
No comments posted yet!